 Dungeon Crawl Stone Soup version 0.29.0-4-gdea44cf6ec (webtiles) character file.

Game seed: 17173139854619641135

6013 qw the Cleaver (level 10, -3/58 HPs)
             Began as a Tengu Warper on Aug 28, 2022.
             Was an Elder of Okawaru.
             Slain by a queen bee (11 damage)
             ... on level 10 of the Dungeon.
             The game lasted 00:01:09 (9803 turns).

qw the Cleaver (Tengu Warper)                       Turns: 9803, Time: 00:01:09

Health: -3/58      AC: 16    Str: 16    XL:     10   Next: 86%
Magic:  14/14      EV: 10    Int: 13    God:    Okawaru [****..]
Gold:   684        SH: 18    Dex: 12    Spells: 13/13 levels left

rFire   . . .      SeeInvis +   j - +1 war axe
rCold   . . .      Faith    .   g - +0 tower shield
rNeg    . . .      Spirit   .   p - +0 plate armour
rPois   .          Reflect  .   (helmet restricted)
rElec   .          Harm     .   o - +0 cloak
rCorr   .          Rampage  .   (no gloves)
Will    .....                   (boots unavailable)
Stlth   ..........              (no amulet)
HPRegen 0.19/turn               f - +4 ring of evasion
MPRegen 0.14/turn               k - ring of see invisible

@: lethally poisoned (-3 -> -5), heroic, flying quickly and evasively, quick
A: beak, talons 3, nimble flight, clumsy 1
a: Renounce Religion, Heroism, Finesse


You were on level 10 of the Dungeon.
You worshipped Okawaru.
Okawaru was greatly pleased with you.
You visited 1 branch of the dungeon, and saw 10 of its levels.

You collected 684 gold pieces.


Innate Abilities, Weirdness & Mutations

You have a beak for a mouth.
You have claws for feet.
Your magical nature lets you fly swiftly and evasively.
You are clumsy. (Dex -2)


   Skills:
 - Level 4.7(9.7) Fighting
 - Level 10.6(15.6) Axes
 - Level 3.2(8.2) Throwing
 - Level 5.5(10.5) Armour
 - Level 2.1(7.1) Dodging
 + Level 9.2(14.2) Shields
 - Level 2.0 Spellcasting
 - Level 2.4 Translocations
 + Level 4.4 Invocations


You had 13 spell levels left.
You didn't know any spells.
Your spell library contained the following spells:

 Spells                   Type           Power      Damage    Failure   Level
 Blink                    Tloc           14%        N/A       100%        2
 Gell's Gravitas          Tloc           7%         N/A       100%        3
 Lesser Beckoning         Tloc           7%         N/A       100%        3
 Teleport Other           Tloc           7%         N/A       100%        3
 Manifold Assault         Tloc           7%         N/A       100%        5

Inventory:

Hand Weapons
 j - a +1 war axe (weapon)
 u - a +0 morningstar
Missiles
 c - a javelin
 r - 10 boomerangs
 t - 2 silver javelins (quivered)
Armour
 g - a +0 tower shield (worn)
 o - a +0 cloak (worn)
 p - a +0 plate armour (worn)
 s - a +2 scale mail of fire resistance
Jewellery
 f - a +4 ring of evasion (left hand)
 k - a ring of see invisible (right hand)
 l - a ring of positive energy
 v - a ring of resist corrosion
 Y - a ring of protection from fire
Scrolls
 e - a scroll of identify
 i - a scroll of acquirement {unknown}
 m - a scroll of torment {unknown}
Potions
 a - 3 potions of haste
 b - a potion of resistance
 d - 2 potions of might
 h - a potion of magic {unknown}
 n - a potion of brilliance {unknown}
 q - 2 potions of flight {unknown}

Dungeon Overview and Level Annotations

Branches:
Dungeon (10/15)            Temple (0/1) D:5            Lair (0/5) D:10
    Orc: D:9-12

Altars:
Ashenzari
Dithmenos
Gozag
Nemelex Xobeh
Okawaru
Sif Muna
Xom
Zin

Shops:
D:4 :


Message History

You feel sick. The killer bee completely misses you.
You block the killer bee's attack. x3
You closely miss the killer bee. Your kick misses the killer bee.
The killer bee is severely wounded.
You slash the queen bee! You miss the killer bee.
You feel sick.
The killer bee rages. x2
The killer bee stings you.
The killer bee stings you but does no damage.
The queen bee stings you!
You hit the killer bee.
You kill the killer bee!
Okawaru accepts your kill.
You hit the queen bee. You slash the killer bee!
You kill the killer bee!
Okawaru accepts your kill.
You feel sick.
The queen bee stings you but does no damage.
You barely miss the killer bee. Your peck misses the killer bee.
The killer bee is almost dead.
You completely miss the queen bee.
You feel sick.
The killer bee rages.
The killer bee barely misses you. x2
The killer bee stings you but does no damage.
You block the queen bee's attack.
You slash the killer bee!
You kill the killer bee!
Okawaru accepts your kill.
You hit the queen bee but do no damage. You closely miss the killer bee.
You feel sick. You block the killer bee's attack.
The killer bee stings you but does no damage.
The queen bee closely misses you.
You barely miss the queen bee. Your kick misses the queen bee.
The queen bee is moderately wounded.
You slash the killer bee!
You feel sick. The killer bee stings you.
The killer bee rages.
The queen bee stings you!
You die...

....# #.......... ....#
#P.....P..P##.......... ..).#
#P..P..P..P##########.# ....#
#P..P..P..P #####.# ...##
#P..P..P.. #####.....# ##.##
P..P.y.. #.....##### ....# ..y.y
##'######### .<..###########yy#
#...........
....'.........#y@#####...........
....#########........'...........
....##### ####.#####...........
........# #.# #.......<...
....###.##### #.# #...........
....#.......# #.# ##'#########
#####.#####.## #.# #.##
.###?.#...#..###.# #..##
......#...#.....># ##..#


You could see a queen bee and 5 killer bees.

Vanquished Creatures
  A two-headed ogre (D:10)
  Pikel (D:7)
  A gargoyle (D:10)
  Joseph (D:9)
  Psyche (D:8)
  Maggie (D:8)
  An unseen horror (D:10)
  A troll (D:9)
  2 wyverns
  A wraith (D:9)
  2 orc warriors (D:8)
  2 ice beasts
  A sky beast (D:6)
  A black bear (D:6)
  2 ogres (D:6)
  3 centaurs
  3 lemures (D:7)
  A phantom (D:6)
  A kobold brigand (D:8)
  A bullfrog (D:7)
  A gnoll sergeant (D:9)
  A necrophage (D:5)
  4 scorpions
  5 killer bees (D:10)
  5 howler monkeys
  2 jellies (D:6)
  4 orc priests
  4 hounds
  3 iguanas
  11 orc wizards
  6 gnolls
  12 adders
  5 white imps
  3 ufetubi (D:5)
  11 dart slugs
  32 orcs
  2 endoplasms
  5 giant cockroaches
  6 goblins
  8 hobgoblins
  19 kobolds
  4 quokkas
  7 ball pythons
  6 bats
  3 frilled lizards
  8 rats
205 creatures vanquished.

Vanquished Creatures (others)
  4 plants (D:10)
4 creatures vanquished.

Grand Total: 209 creatures vanquished

Notes
Turn   | Place    | Note
-------+----------+-------------------------------------------
     0 | D:1      | qw the Tengu Warper began the quest for the Orb.
     0 | D:1      | Reached XP level 1. HP: 12/12 MP: 4/4
     0 | D:1      | 0 ||| qw: Version: 0.1-a-89-g26bdef1
     0 | D:1      | 0 ||| qw: Game counter: 2312
     0 | D:1      | 0 ||| qw: Always use a shield: true
     0 | D:1      | 0 ||| qw: God list: Okawaru
     0 | D:1      | 0 ||| qw: Allow faded altars: false
     0 | D:1      | 0 ||| qw: Do Orc after D:15 true
     0 | D:1      | 0 ||| qw: Do second Lair branch before Depths: true
     0 | D:1      | 0 ||| qw: Lair rune preference: random
     0 | D:1      | 0 ||| qw: Plans: Normal
     0 | D:1      | 0 ||| PLANNING D:1-11
   191 | D:1      | Reached skill level 3 in Axes
   191 | D:1      | Reached XP level 2. HP: 17/17 MP: 6/6
   583 | D:1      | 583 ||| DROPPING +0 club.
   611 | D:1      | Reached XP level 3. HP: 21/21 MP: 7/7
   660 | D:1      | Reached skill level 4 in Axes
   817 | D:1      | 817 ||| UPGRADING to +0 chain mail.
   827 | D:1      | 827 ||| DROPPING +0 leather armour.
   828 | D:1      | 828 ||| DROPPING amulet of faith.
   829 | D:1      | 829 ||| UPGRADING to +4 ring of evasion.
   830 | D:1      | 830 ||| READING scroll labelled YLOERR IZUB.
   831 | D:1      | 831 ||| READING scroll labelled YNEPISHR YNKU.
   832 | D:1      | 832 ||| READING scroll labelled OZUDYX BOISEF.
   833 | D:1      | 833 ||| READING scroll labelled BUWAVAOMOGH.
   834 | D:1      | 834 ||| DROPPING scroll of blinking.
   895 | D:2      | 895 ||| Stepping ~*~*~tactically~*~*~ (stealth).
   896 | D:2      | 896 ||| Stepping ~*~*~tactically~*~*~ (stealth).
   897 | D:2      | 897 ||| Stepping ~*~*~tactically~*~*~ (hiding).
   898 | D:2      | 898 ||| Stepping ~*~*~tactically~*~*~ (hiding).
   972 | D:2      | Identified the +11 hand axe "Xaunke Aqoi" {vorpal, Contam
                  | rCorr Str-2 Stlth+}
   974 | D:2      | 974 ||| SWAPPING to +11 hand axe "Xaunke Aqoi" {vorpal,
                  | Contam rCorr Str-2 Stlth+}.
   975 | D:2      | 975 ||| DROPPING +0 hand axe.
  1087 | D:2      | Reached XP level 4. HP: 26/26 MP: 8/8
  1093 | D:2      | 1093 ||| Stepping ~*~*~tactically~*~*~ (stealth).
  1095 | D:2      | 1095 ||| Stepping ~*~*~tactically~*~*~ (stealth).
  1111 | D:2      | 1111 ||| Stepping ~*~*~tactically~*~*~ (stealth).
  1114 | D:2      | 1114 ||| Stepping ~*~*~tactically~*~*~ (stealth).
  1118 | D:2      | 1118 ||| Stepping ~*~*~tactically~*~*~ (stealth).
  1199 | D:2      | Reached skill level 5 in Axes
  1312 | D:2      | Found a faded altar of an unknown god.
  1391 | D:2      | Found a shimmering blue altar of Sif Muna.
  1886 | D:2      | 1886 ||| UPGRADING to +0 buckler.
  1891 | D:2      | 1891 ||| READING scroll labelled RAS MUPIADA.
  1892 | D:2      | 1892 ||| READING scroll labelled OCRURA VOATYTO.
  1893 | D:2      | 1893 ||| READING scroll labelled GUKEZU HINIMU.
  1894 | D:2      | 1894 ||| READING scroll labelled OPAROROGAO.
  1995 | D:2      | 1995 ||| DRINKING 2 purple potions.
  2018 | D:3      | Gained mutation: Your magical nature lets you fly swiftly
                  | and evasively. [Tengu growth]
  2018 | D:3      | Reached XP level 5. HP: 30/30 MP: 9/9
  2028 | D:3      | Reached skill level 1 in Shields
  2079 | D:3      | 2079 ||| FLEEEEING.
  2082 | D:3      | 2082 ||| FLEEEEING.
  2083 | D:3      | 2083 ||| FLEEEEING.
  2084 | D:3      | 2084 ||| FLEEEEING.
  2085 | D:3      | 2085 ||| FLEEEEING.
  2091 | D:3      | 2091 ||| STAIRDANCE
  2126 | D:3      | 2126 ||| FLEEEEING.
  2127 | D:3      | 2127 ||| FLEEEEING.
  2129 | D:3      | 2129 ||| STAIRDANCE
  2187 | D:3      | 2187 ||| DROPPING +0 whip.
  2267 | D:3      | 2267 ||| Stepping ~*~*~tactically~*~*~ (stealth).
  2279 | D:3      | 2279 ||| Stepping ~*~*~tactically~*~*~ (stealth).
  2280 | D:3      | 2280 ||| Stepping ~*~*~tactically~*~*~ (stealth).
  2291 | D:3      | 2291 ||| Stepping ~*~*~tactically~*~*~ (hiding).
  2293 | D:3      | 2293 ||| Stepping ~*~*~tactically~*~*~ (hiding).
  2294 | D:3      | 2294 ||| Stepping ~*~*~tactically~*~*~ (hiding).
  2295 | D:3      | 2295 ||| Stepping ~*~*~tactically~*~*~ (hiding).
  2296 | D:3      | 2296 ||| Stepping ~*~*~tactically~*~*~ (hiding).
  2433 | D:3      | Reached skill level 6 in Axes
  2448 | D:3      | 2448 ||| Stepping ~*~*~tactically~*~*~ (stealth).
  2507 | D:3      | 2507 ||| FLEEEEING.
  2508 | D:3      | 2508 ||| FLEEEEING.
  2509 | D:3      | 2509 ||| FLEEEEING.
  2510 | D:3      | 2510 ||| FLEEEEING.
  2520 | D:3      | 2520 ||| STAIRDANCE
  2547 | D:2      | 2547 ||| UPGRADING to ring of protection from fire.
  2788 | D:3      | 2788 ||| Stepping randomly (stuck).
  2917 | D:4      | 2917 ||| DROPPING +0 whip of flaming.
  2937 | D:4      | Reached XP level 6. HP: 21/35 MP: 10/10
  3072 | D:4      | Found Nusurghay's Book Shoppe.
  3377 | D:4      | 3377 ||| Stepping ~*~*~tactically~*~*~ (stealth).
  3387 | D:4      | 3387 ||| Stepping ~*~*~tactically~*~*~ (hiding).
  3437 | D:4      | Found a glowing silver altar of Zin.
  3528 | D:4      | 3528 ||| READING 2 scrolls labelled DOAPAD TUKUEBU.
  3529 | D:4      | 3529 ||| READING 2 scrolls of identify.
  3529 | D:4      | 3529 ||| IDENTIFYING metallic golden potion
  3530 | D:4      | 3530 ||| DROPPING scroll of fog.
  3680 | D:3      | Found an opulent altar of Gozag.
  3681 | D:3      | 3681 ||| Stepping randomly (stuck).
  3720 | D:5      | Entered Level 5 of the Dungeon
  3721 | D:5      | 3721 ||| STAIRDANCE
  3729 | D:5      | Reached skill level 7 in Axes
  3764 | D:5      | Reached skill level 3 in Fighting
  3764 | D:5      | Reached XP level 7. HP: 41/41 MP: 11/11
  3905 | D:5      | Found an iron altar of Okawaru.
  3908 | D:5      | Became a worshipper of Warmaster Okawaru
  3929 | D:5      | 3929 ||| Stepping ~*~*~tactically~*~*~ (stealth).
  3979 | D:5      | Reached skill level 8 in Axes
  4047 | D:5      | Found a staircase to the Ecumenical Temple.
  4171 | D:5      | 4171 ||| UPGRADING to +0 cloak.
  4176 | D:5      | 4176 ||| READING scroll labelled HOEDYGG RECZO.
  4177 | D:5      | 4177 ||| READING 4 scrolls of identify.
  4177 | D:5      | 4177 ||| IDENTIFYING brown potion
  4178 | D:5      | 4178 ||| READING 3 scrolls of identify.
  4178 | D:5      | 4178 ||| IDENTIFYING pink potion
  4179 | D:5      | 4179 ||| READING 2 scrolls of identify.
  4179 | D:5      | 4179 ||| IDENTIFYING yellow potion
  4180 | D:5      | 4180 ||| DROPPING potion of ambrosia.
  4181 | D:5      | 4181 ||| DROPPING potion of degeneration.
  4211 | D:6      | 4211 ||| STAIRDANCE
  4219 | D:6      | 4219 ||| STAIRDANCE
  4294 | D:6      | 4294 ||| Stepping ~*~*~tactically~*~*~ (hiding).
  4298 | D:6      | Reached skill level 3 in Armour
  4307 | D:6      | 4307 ||| FLEEEEING.
  4308 | D:6      | 4308 ||| FLEEEEING.
  4309 | D:6      | 4309 ||| FLEEEEING.
  4316 | D:6      | 4316 ||| STAIRDANCE
  4448 | D:5      | 4448 ||| READING 2 scrolls labelled LEUQUE UPPUNEA.
  4463 | D:6      | 4463 ||| Stepping ~*~*~tactically~*~*~ (stealth).
  4465 | D:6      | 4465 ||| Stepping ~*~*~tactically~*~*~ (stealth).
  4471 | D:6      | Reached * piety under Okawaru
  4472 | D:6      | Reached XP level 8. HP: 46/46 MP: 12/12
  4480 | D:6      | 4480 ||| Stepping ~*~*~tactically~*~*~ (stealth).
  4483 | D:6      | 4483 ||| Stepping ~*~*~tactically~*~*~ (hiding).
  4485 | D:6      | 4485 ||| Stepping ~*~*~tactically~*~*~ (hiding).
  4488 | D:6      | 4488 ||| Stepping ~*~*~tactically~*~*~ (hiding).
  4490 | D:6      | 4490 ||| Stepping ~*~*~tactically~*~*~ (hiding).
  4491 | D:6      | 4491 ||| INVOKING Heroism.
  4531 | D:6      | Found a shimmering altar of Xom.
  4536 | D:6      | 4536 ||| Stepping randomly (stuck).
  4537 | D:6      | 4537 ||| Stepping randomly (stuck).
  4538 | D:6      | 4538 ||| Stepping randomly (stuck).
  4546 | D:6      | 4546 ||| DRINKING 2 potions of curing.
  4546 | D:6      | 4546 ||| (to cure confusion)
  4549 | D:6      | Reached skill level 1 in Invocations
  4557 | D:6      | 4557 ||| Stepping ~*~*~tactically~*~*~ (stealth).
  4562 | D:6      | 4562 ||| Stepping ~*~*~tactically~*~*~ (stealth).
  4564 | D:6      | 4564 ||| Stepping ~*~*~tactically~*~*~ (hiding).
  4565 | D:6      | 4565 ||| INVOKING Heroism.
  4753 | D:6      | Found a shadowy altar of Dithmenos.
  4757 | D:6      | Reached skill level 9 in Axes
  5193 | D:6      | 5193 ||| INVOKING Heroism.
  5201 | D:6      | Reached skill level 3 in Invocations
  5204 | D:6      | Reached ** piety under Okawaru
  5410 | D:6      | Found a sparkling altar of Nemelex Xobeh.
  5448 | D:6      | 5448 ||| UPGRADING to +0 plate armour.
  5458 | D:6      | 5458 ||| DROPPING +0 chain mail.
  5459 | D:6      | 5459 ||| DROPPING ring of wizardry.
  5460 | D:6      | 5460 ||| READING scroll labelled HUW FEROLAK.
  5859 | D:7      | Noticed a wyvern
  5866 | D:7      | 5866 ||| INVOKING Heroism.
  5869 | D:7      | Killed a wyvern
  5870 | D:7      | Reached XP level 9. HP: 31/52 MP: 10/13
  5998 | D:7      | Noticed Pikel
  5998 | D:7      | 5998 ||| INVOKING Heroism.
  6011 | D:7      | Killed Pikel
  6012 | D:7      | Reached skill level 10 in Axes
  6372 | D:7      | 6372 ||| READING 4 scrolls of identify.
  6372 | D:7      | 6372 ||| IDENTIFYING lumpy purple potion
  6373 | D:7      | 6373 ||| READING 3 scrolls of identify.
  6373 | D:7      | 6373 ||| IDENTIFYING clear potion
  6374 | D:7      | 6374 ||| READING 2 scrolls of identify.
  6374 | D:7      | 6374 ||| IDENTIFYING smoky white potion
  6375 | D:7      | 6375 ||| DROPPING potion of lignification.
  6376 | D:7      | 6376 ||| DROPPING potion of berserk rage.
  6415 | D:8      | 6415 ||| Stepping ~*~*~tactically~*~*~ (stealth).
  6417 | D:8      | 6417 ||| INVOKING Heroism.
  6444 | D:8      | 6444 ||| SWAPPING to +0 war axe.
  6445 | D:8      | 6445 ||| DROPPING +11 hand axe "Xaunke Aqoi" {vorpal,
                  | Contam rCorr Str-2 Stlth+}.
  6446 | D:8      | 6446 ||| READING scroll of enchant weapon.
  6446 | D:8      | 6446 ||| ENCHANTING +0 war axe.
  6468 | D:8      | Gained mutation: You are clumsy. (Dex -2) [mutagenic glow]
  6591 | D:8      | Noticed Maggie
  6598 | D:8      | 6598 ||| INVOKING Heroism.
  6606 | D:8      | HP: 8/52 [Maggie/+1 vorpal glaive (9)]
  6607 | D:8      | 6607 ||| READING scroll of teleportation.
  6610 | D:8      | Killed Maggie
  6611 | D:8      | Reached skill level 3 in Throwing
  6618 | D:8      | HP: 5/52 [white imp/puff of frost (1)]
  6620 | D:8      | 6620 ||| INVOKING Heroism.
  6629 | D:8      | Reached *** piety under Okawaru
  6630 | D:8      | Reached skill level 3 in Shields
  6652 | D:8      | Noticed Psyche
  6653 | D:8      | 6653 ||| INVOKING Heroism.
  6660 | D:8      | HP: 10/52 [something/chain of chaos (2)]
  6664 | D:8      | Killed Psyche
  6679 | D:8      | 6679 ||| INVOKING Heroism.
  6680 | D:8      | 6680 ||| DRINKING potion of cancellation.
  6687 | D:8      | HP: 18/78 [orc warrior/+0 scimitar (3)]
  6691 | D:8      | 6691 ||| DRINKING 2 potions of curing.
  6691 | D:8      | 6691 ||| (to cure confusion)
  6698 | D:8      | HP: 19/78 [orc priest/divine providence (13)]
  6699 | D:8      | Received a gift from Okawaru
  7022 | D:8      | You are sucked into a shaft and drop 2 floors!
  7022 | D:10     | Entered Level 10 of the Dungeon
  7122 | D:10     | 7122 ||| UPGRADING to +0 tower shield.
  7132 | D:10     | 7132 ||| DROPPING +0 buckler.
  7133 | D:10     | Found a staircase to the Lair.
  7245 | D:9      | 7245 ||| Stepping ~*~*~tactically~*~*~ (hiding).
  7296 | D:9      | Reached XP level 10. HP: 55/58 MP: 14/14
  7315 | D:9      | 7315 ||| DROPPING amulet of magic regeneration.
  7352 | D:8      | 7352 ||| Stepping ~*~*~tactically~*~*~ (stealth).
  7373 | D:8      | 7373 ||| FLEEEEING.
  7374 | D:8      | 7374 ||| FLEEEEING.
  7411 | D:8      | 7411 ||| Stepping ~*~*~tactically~*~*~ (stealth).
  7412 | D:8      | 7412 ||| Stepping ~*~*~tactically~*~*~ (stealth).
  7603 | D:8      | 7603 ||| Stepping ~*~*~tactically~*~*~ (stealth).
  7605 | D:8      | 7605 ||| Stepping ~*~*~tactically~*~*~ (hiding).
  7908 | D:9      | 7908 ||| Stepping ~*~*~tactically~*~*~ (hiding).
  8163 | D:9      | 8163 ||| Stepping ~*~*~tactically~*~*~ (stealth).
  8165 | D:9      | 8165 ||| Stepping ~*~*~tactically~*~*~ (hiding).
  8174 | D:9      | Reached skill level 6 in Shields
  8294 | D:9      | Noticed Joseph
  8296 | D:9      | 8296 ||| INVOKING Heroism.
  8311 | D:9      | Paralysed by Joseph for 3 turns
  8319 | D:9      | Killed Joseph
  8320 | D:9      | 8320 ||| FLEEEEING.
  8321 | D:9      | 8321 ||| FLEEEEING.
  8322 | D:9      | 8322 ||| FLEEEEING.
  8323 | D:9      | 8323 ||| FLEEEEING.
  8324 | D:9      | 8324 ||| FLEEEEING.
  8325 | D:9      | 8325 ||| FLEEEEING.
  8326 | D:9      | 8326 ||| FLEEEEING.
  8327 | D:9      | 8327 ||| FLEEEEING.
  8332 | D:9      | 8332 ||| FLEEEEING.
  8335 | D:9      | 8335 ||| FLEEEEING.
  8344 | D:9      | 8344 ||| STAIRDANCE
  8562 | D:8      | 8562 ||| READING 2 scrolls of identify.
  8562 | D:8      | 8562 ||| IDENTIFYING red potion
  8569 | D:9      | 8569 ||| Stepping ~*~*~tactically~*~*~ (hiding).
  8574 | D:9      | 8574 ||| DRINKING potion of curing.
  8574 | D:9      | 8574 ||| (to cure confusion)
  8981 | D:9      | 8981 ||| UPGRADING to ring of see invisible.
  9099 | D:10     | Noticed a gargoyle
  9100 | D:10     | 9100 ||| Stepping ~*~*~tactically~*~*~ (stealth).
  9104 | D:10     | 9104 ||| INVOKING Heroism.
  9118 | D:10     | HP: 10/58 [gargoyle/+0 morningstar (15)]
  9119 | D:10     | 9119 ||| READING scroll of teleportation.
  9121 | D:10     | Killed a gargoyle
  9397 | D:10     | 9397 ||| Stepping ~*~*~tactically~*~*~ (stealth).
  9441 | D:10     | 9441 ||| DROPPING +0 flail.
  9596 | D:10     | Found a broken altar of Ashenzari.
  9597 | D:10     | 9597 ||| Stepping ~*~*~tactically~*~*~ (hiding).
  9601 | D:10     | 9601 ||| Stepping ~*~*~tactically~*~*~ (hiding).
  9601 | D:10     | Noticed an unseen horror
  9602 | D:10     | 9602 ||| Stepping ~*~*~tactically~*~*~ (hiding).
  9603 | D:10     | 9603 ||| INVOKING Heroism.
  9611 | D:10     | Killed an unseen horror
  9732 | D:10     | Noticed a two-headed ogre
  9733 | D:10     | 9733 ||| INVOKING Heroism.
  9738 | D:10     | Killed a two-headed ogre
  9738 | D:10     | Reached **** piety under Okawaru
  9739 | D:10     | Reached skill level 9 in Shields
  9787 | D:10     | 9787 ||| INVOKING Heroism.
  9800 | D:10     | HP: 14/58 [poisoned by a killer bee]
  9803 | D:10     | Slain by a queen bee

Levels and vault maps discovered:
D:1:      lightli_arrival_isolated_outpost, layout_rooms, nicolae_titane
D:2:      layout_basic, basic_altar, hellmonk_ecumenical_altar_crossroads,
          kennysheep_flooded_box
D:3:      kennysheep_slugbush, layout_rooms, nicolae_overflow_hidden_temple
D:4:      layout_basic, zin_treasury, serial_shops, shop
D:5:      layout_rooms, okawaru_trees_2, minmay_temple_entry_nine_rooms
D:6:      layout_rooms, mainiacjoe_overflow_brackets, lemuel_doored_altar,
          grunt_dithmenos_shadows, kennysheep_small_spiral
D:7:      layout_cave_pods, uniq_pikel
D:8:      layout_loops_ring, lightli_orcish_oven, uniq_maggie, uniq_psyche
D:9:      statuecave_lemuel, layout_basic, nicolae_underground_beach,
          uniq_joseph
D:10:     layout_roguey, evilmike_ruin_ashenzari, lair_entry_dummy,
          nicolae_looking_at_the_future

Skill      XL: |  1  2  3  4  5  6  7  8  9 10 |
---------------+-------------------------------+-----
Axes           | 3 4 5 6 7 8 9 10 | 10.6
Shields        | 1 2 4 9 |  9.2
Armour         | 2 3 4 5 |  5.5
Fighting       | 3 4 |  4.7
Invocations    | 4 |  4.4
Throwing       | 3 |  3.2
Dodging        | |  2.1
Spellcasting   | |  2.0
Translocations | |  2.4

Action                   |  1- 3 |  4- 6 |  7- 9 | 10-12 || total
-------------------------+-------+-------+-------+-------++-------
Melee: Hand axe          |    74 |    87 |   105 |       ||   266
       Kick              |    14 |    12 |    45 |    43 ||   114
       Peck              |    11 |     9 |    26 |    22 ||    68
       Punch             |     1 |       |       |       ||     1
       War axe           |       |       |    65 |   131 ||   196
Throw: Boomerang         |     7 |       |    15 |       ||    22
       Javelin           |       |       |    11 |    21 ||    32
Invok: Heroism           |       |       |    10 |     5 ||    15
  Use: Scroll            |     4 |     6 |    11 |     2 ||    23
       Potion            |       |     1 |     3 |     1 ||     5
Armor: Leather armour    |    10 |       |       |       ||    10
       Chain mail        |    11 |    26 |    14 |       ||    51
       Plate armour      |       |       |    26 |    65 ||    91
       Skin              |       |       |     5 |       ||     5
Dodge: Dodged            |    39 |    37 |    53 |    40 ||   169
Block: Buckler           |       |     4 |    19 |       ||    23
       Tower shield      |       |       |    19 |   112 ||   131

Table legend:
 A = Non-vault XP
 B = Vault XP
 C = Vault XP percentage of total XP
 D = Non-vault monster count
 E = Vault monster count
 F = Vault count percentage of total count
                 A         B        C        D         E       F
            +---------+---------+-------+---------+---------+-------
      Total |    6299 |    2291 |  26.7 |     179 |      23 |  11.4
            +---------+---------+-------+---------+---------+-------
        D:1 |      47 |       0 |   0.0 |      31 |       0 |   0.0
        D:2 |     107 |       0 |   0.0 |      20 |       0 |   0.0
        D:3 |     110 |      32 |  22.5 |      22 |       8 |  26.7
        D:4 |     125 |       0 |   0.0 |      11 |       0 |   0.0
        D:5 |     566 |       0 |   0.0 |      14 |       0 |   0.0
        D:6 |    1073 |     100 |   8.5 |      22 |       1 |   4.3
        D:7 |     362 |     629 |  63.5 |       4 |       1 |  20.0
        D:8 |     950 |     795 |  45.6 |      28 |       7 |  20.0
        D:9 |    1131 |     430 |  27.5 |      17 |       1 |   5.6
       D:10 |    1828 |     305 |  14.3 |      10 |       5 |  33.3
            +---------+---------+-------+---------+---------+-------
